 Dungeon Crawl Stone Soup version 0.18.1-1-g2f07953 (webtiles) character file.

79 Aleksandr27reg the Sneak (level 4, 0/23 HPs)
             Began as a Spriggan Assassin on Sept 2, 2016.
             Was an Initiate of Dithmenos.
             Slain by an adder (2 damage)
             ... on level 2 of the Dungeon.
             The game lasted 00:06:22 (2130 turns).

Aleksandr27reg the Sneak (Spriggan Assassin)        Turns: 2130, Time: 00:06:22

Health: 0/23       AC:  3    Str:  6 (7)  XL:     4   Next: 16%
Magic:  5/5        EV: 17    Int:  9 (12) God:    Dithmenos [......]
Gold:   40         SH:  0    Dex: 16 (18) Spells: 0 memorised, 3 levels left

rFire  + . .     SeeInvis +     a - +2 dagger
rCold  + . .     Gourm    .     c - +0 robe
rNeg   . . .     Faith    .     (shield restricted)
rPois  +         Spirit   .     (helmet restricted)
rElec  +         Dismiss  .     d - +0 cloak
rCorr  +         Reflect  .     (gloves unavailable)
SustAt .         Harm     .     (boots unavailable)
MR     .....                    (no amulet)
Stlth  ++++......               (no ring)
                                (no ring)

@: lethally poisoned (0 -> -6), exhausted, resistant, slowed, quick, not
resistant to hostile enchantments, stealthy
A: unfitting armour, see invisible, herbivore 3, speed 3, slow metabolism 2
a: Renounce Religion


You were on level 2 of the Dungeon.
You worshipped Dithmenos.
Dithmenos was noncommittal.
You were not hungry.

You visited 1 branch of the dungeon, and saw 3 of its levels.

You collected 40 gold pieces.

Inventory:

Hand Weapons
 a - a +2 dagger (weapon)
 b - a +0 blowgun
Missiles
 e - 11 poisoned needles
 f - 2 curare-tipped needles
Armour
 c - a +0 robe (worn)
 d - a +0 cloak (worn)
Scrolls
 h - 4 scrolls of identify {unknown}
 i - a scroll of random uselessness {unknown}
 j - 3 scrolls of amnesia {unknown}
 o - a scroll of noise {unknown}
Potions
 n - a potion of agility {unknown}
 p - a potion of berserk rage
Comestibles
 g - a bread ration


   Skills:
 + Level 1.8 Fighting
 + Level 3.0 Short Blades
 + Level 2.0 Throwing
 + Level 2.4 Dodging
 + Level 7.5 Stealth


You had 3 spell levels left.
You didn't know any spells.

Dungeon Overview and Level Annotations

Branches:
Dungeon (3/15)

Altars:
Dithmenos


Innate Abilities, Weirdness & Mutations

You are tiny and cannot use many weapons and most armour.
You have supernaturally acute eyesight.
You are a herbivore.
You cover ground extremely quickly.
You need consume almost no food.


Message History

You feel sick.
You are no longer berserk.
You are exhausted.
You feel yourself slow down.
* * * LOW HITPOINT WARNING * * *
You feel sick.
Drink which item? (? for menu, Esc to quit)
It was a potion of cure mutation.
It has a very clean taste.
The adder misses you.
Drink which item? (? for menu, Esc to quit)
It was a potion of degeneration.
There was something very wrong with that liquid.
You feel weakened.
You feel dopey.
You feel clumsy.
* * * LOW HITPOINT WARNING * * *
You feel sick. The adder closely misses you. The adder completely misses you.
Drink which item? (? for menu, Esc to quit)
It was a potion of resistance.
You feel protected. The adder bites you.
You die...

######## #......#
###..S@..#
####.K......#
#...........#
##...##......#
######...##########
##..........#
............#########
.#..................#
##..................#


You could see an adder and a kobold.

Vanquished Creatures
  An adder (D:2)
  3 worms (D:2)
  2 dart slugs (D:1)
  2 giant geckos (D:2)
  2 ball pythons
  8 bats
  3 giant cockroaches
  7 goblins
  6 hobgoblins
  2 jackals (D:1)
  A quokka (D:3)
  4 giant newts
  8 kobolds
  6 rats
55 creatures vanquished.

Notes
Turn   | Place    | Note
--------------------------------------------------------------
     0 | D:1      | Aleksandr27reg the Spriggan Assassin began the quest for the Orb.
     0 | D:1      | Reached XP level 1. HP: 10/10 MP: 2/2
     5 | D:1      | Reached skill level 6 in Stealth
   180 | D:1      | Reached XP level 2. HP: 9/14 MP: 3/3
   725 | D:1      | Reached skill level 7 in Stealth
   751 | D:1      | Reached XP level 3. HP: 18/18 MP: 4/4
  1822 | D:2      | Reached XP level 4. HP: 23/23 MP: 5/5
  1907 | D:3      | Found a shadowy altar of Dithmenos.
  1977 | D:3      | Became a worshipper of Dithmenos the Shadowed
  2130 | D:2      | Slain by an adder

Skill      XL: |  1  2  3  4 |
---------------+-------------+-----
Stealth        | 6 7 |  7.5
Dodging        | 2 |  2.4
Short Blades   | 3 |  3.0
Fighting       | |  1.8
Throwing       | |  2.0

Action                   |  1- 3 |  4- 6 || total
-------------------------+-------+-------++-------
Melee: Dagger            |   117 |    30 ||   147
 Fire: Blowgun           |    15 |       ||    15
  Use: Potion            |       |     4 ||     4
 Stab: Sleeping          |    16 |     3 ||    19
Armor: Robe              |    16 |     6 ||    22
Dodge: Dodged            |    84 |    28 ||   112
